 Dungeon Crawl Stone Soup version 0.22-a0-305-gd21a89c538 (webtiles) character file.

105 Oravi the Bolt Thrower (level 5, 0/32 HPs)
             Began as a Kobold Hunter on Mar 31, 2018.
             Succumbed to an adder's poison
             ... on level 2 of the Dungeon.
             The game lasted 00:08:21 (2677 turns).

Oravi the Bolt Thrower (Kobold Hunter)              Turns: 2677, Time: 00:08:22

Health: 0/32       AC:  4    Str: 19    XL:     5   Next: 8%
Magic:  5/5        EV: 16    Int: 18    God:
Gold:   50         SH:  0    Dex: 15    Spells: 4/4 levels left

rFire    . . .     SeeInvis .   q - +2 dagger (venom)
rCold    . . .     Gourm    .   (shield restricted)
rNeg     . . .     Faith    .   c - +0 leather armour
rPois    .         Spirit   .   (no helmet)
rElec    .         Reflect  .   (no cloak)
rCorr    .         Harm     .   (no gloves)
MR       .....                  k - +0 pair of boots
Stlth    ++........             (no amulet)
HPRegen  0.10/turn              i - +4 ring of strength
MPRegen  0.09/turn              (no ring)

@: mighty, brilliant, lethally poisoned (0 -> -3), berserk cooldown, hasted and
slowed
A: small, carnivore
a: no special abilities


You were on level 2 of the Dungeon.
You were very full.

You visited 1 branch of the dungeon, and saw 3 of its levels.

You collected 50 gold pieces.

Inventory:

Hand Weapons
 a - a +1 hand crossbow
 b - a +0 short sword
 q - a +2 dagger of venom (weapon)
Missiles
 d - 13 bolts
Armour
 c - a +0 leather armour (worn)
 k - a +0 pair of boots (worn)
Jewellery
 i - a +4 ring of strength (left hand)
 p - an uncursed amulet of regeneration {unknown}
Scrolls
 e - 5 scrolls of identify {unknown}
 h - 3 scrolls of remove curse {unknown}
 l - a scroll of teleportation {unknown}
 o - a scroll of fear {unknown}
Comestibles
 f - 7 rations


   Skills:
 + Level 2.8 Fighting
 + Level 2.0 Short Blades
 - Level 6.0 Crossbows
 * Level 3.6 Dodging
 - Level 1.3 Stealth


You had 4 spell levels left.
You didn't know any spells.

Dungeon Overview and Level Annotations

Branches:
Dungeon (3/15)

Altars:


Innate Abilities, Weirdness & Mutations

You are small and have problems with some larger weapons.
You are carnivorous and can eat meat at any time.


Message History

It was a potion of brilliance.
You feel clever all of a sudden.
You feel sick. The quokka completely misses you. The jackal closely misses you.
The goblin hits you but does no damage. The quokka closely misses you.
You hit the goblin.
You kill the goblin!
The jackal bites you.
* * * LOW HITPOINT WARNING * * *
The quokka misses you.
The jackal bites you but does no damage.
You barely miss the quokka. The jackal misses you. The quokka bites you.
* * * LOW HITPOINT WARNING * * *
You hit the quokka.
You kill the quokka!
The jackal bites you but does no damage.
You aren't carrying any potions.
You aren't carrying any potions.
There is a lethal amount of poison in your body!
The jackal closely misses you. The jackal barely misses you.
You die...

### #........#.............######
#######.####.#####.###....... #.#
#.# #.# ######## #.# #.# #.# #
######### #.# ## #.......# #.#
.## #.8.8.8.#####.# ..#
#####.....†)#..##.# ..#
#...'.....†@##.##.##########
..####.###.)....h##.##.#.........
..'.##.# #.8.8.8.##.##.#.########
..'....# #.......#.......#
..####.# ##########......# ..#
#.# #.#.#.# #.#...## ..#
#.###.#.#.####.##.## .###
#..............##.# ##.#
#####.###########.#


You could see a jackal.

Vanquished Creatures
  4 adders (D:2)
  An ooze (D:1)
  A worm (D:2)
  2 dart slugs
  3 leopard geckos
  7 bats
  5 giant cockroaches
  4 goblins
  4 hobgoblins
  5 jackals (D:2)
  7 kobolds
  2 quokkas (D:2)
  5 frilled lizards
  3 rats (D:2)
53 creatures vanquished.

Notes
Turn   | Place    | Note
-------+----------+-------------------------------------------
     0 | D:1      | Oravi the Kobold Hunter began the quest for the Orb.
     0 | D:1      | Reached XP level 1. HP: 12/12 MP: 1/1
   129 | D:1      | Reached skill level 5 in Crossbows
   129 | D:1      | Reached XP level 2. HP: 14/17 MP: 2/2
   617 | D:1      | Reached XP level 3. HP: 18/22 MP: 3/3
  1467 | D:2      | Reached skill level 1 in Short Blades
  1687 | D:2      | Reached XP level 4. HP: 27/27 MP: 4/4
  1736 | D:2      | Found a faded altar of an unknown god.
  2157 | D:2      | Reached skill level 6 in Crossbows
  2662 | D:2      | Reached XP level 5. HP: 21/31 MP: 5/5
  2673 | D:2      | HP: 1/31 [jackal (3)]
  2677 | D:2      | Succumbed to an adder's poison

Vault maps used:
D:1:      dpeg_arrival_prison
D:2:      kennysheep_big_flooded_room, chequers_ecumenical_altar_simple,
          first_ration, minmay_crystal_water, grunt_ministairs_3,
          minmay_misc_feat_encased
D:3:      kennysheep_cluttered_room, chequers_big_river, xom_redecorated

Skill      XL: |  1  2  3  4 |
---------------+-------------+-----
Crossbows      | 5 6 |  6.0
Short Blades   | 1 2 |  2.0
Dodging        | 3 |  3.6
Fighting       | |  2.8
Stealth        | |  1.3

Action                   |  1- 3 |  4- 6 || total
-------------------------+-------+-------++-------
Melee: Short sword       |    90 |     8 ||    98
       Dagger            |       |    16 ||    16
 Fire: Hand crossbow     |    28 |    22 ||    50
  Use: Potion            |       |     4 ||     4
 Stab: Sleeping          |     2 |     1 ||     3
  Eat: Chunk             |    10 |     3 ||    13
Armor: Leather armour    |    20 |    16 ||    36
Dodge: Dodged            |    78 |    54 ||   132

Table legend:
 A = Spawn XP
 B = Non-spawn XP
 C = Spawn XP percentage of total XP
 D = Spawn monster count
 E = Non-spawn monster count
 F = Spawn count percentage of total count
 G = Total turns spent on level
                    A         B        C        D         E        F      G
               +---------+---------+-------+---------+---------+-------+---------
         Total |       0 |     150 |   0.0 |       0 |      53 |   0.0 |  2677
               +---------+---------+-------+---------+---------+-------+---------
           D:1 |       0 |      36 |   0.0 |       0 |      16 |   0.0 |  1058
           D:2 |       0 |     107 |   0.0 |       0 |      33 |   0.0 |  1590
           D:3 |       0 |       7 |   0.0 |       0 |       4 |   0.0 |    29
               +---------+---------+-------+---------+---------+-------+---------
